 Dungeon Crawl Stone Soup version 0.30-a0-305-g026cb31310 (webtiles) character file.

Game seed: 16242465620584004444

142 koil the Sneak (level 5, -2/27 HPs)
             Began as a Spriggan Brigand on Oct 22, 2022.
             Killed by divine providence
             ... invoked by an orc priest
              (14 damage)
             ... on level 3 of the Dungeon.
             The game lasted 00:03:11 (1770 turns).

koil the Sneak (Spriggan Brigand)                   Turns: 1770, Time: 00:03:12

Health: -2/27      AC:  3    Str:  7    XL:     5   Next: 4%
Magic:  9/9        EV: 17    Int: 15    God:
Gold:   123        SH:  0    Dex: 16    Spells: 8/8 levels left

rFire   . . .      SeeInvis +    a - +2 dagger
rCold   . . .      Faith    .    (no shield)
rNeg    . . .      Spirit   .    b - +0 robe
rPois   .          Reflect  .    (helmet restricted)
rElec   .          Harm     .    c - +0 cloak
rCorr   .          Rampage  .    (gloves unavailable)
Will    .....                    (boots unavailable)
Stlth   +++.......               (no amulet)
HPRegen 0.24/turn                (no ring)
MPRegen 0.11/turn                (no ring)

@: very quick
A: very small, no large weapons, unfitting armour, see invisible, speed 3
a: no special abilities


You were on level 3 of the Dungeon.
You visited 1 branch of the dungeon, and saw 3 of its levels.

You collected 123 gold pieces.

Inventory:

Hand Weapons
 a - a +2 dagger (weapon)
Missiles
 d - 6 poisoned darts (quivered)
 e - 3 curare-tipped darts
Armour
 b - a +0 robe (worn)
 c - a +0 cloak (worn)
Jewellery
 j - a ring of protection from fire
Scrolls
 f - a scroll of fear {unknown}
 i - a scroll of enchant weapon {unknown}
 k - a scroll of vulnerability {unknown}
 l - a scroll of summoning {unknown}
Potions
 g - 3 potions of curing {unknown}
 h - a potion of might {unknown}


   Skills:
 + Level 2.3 Fighting
 + Level 3.3 Short Blades
 - Level 2.0 Throwing
 + Level 3.0 Dodging
 + Level 6.7 Stealth
 + Level 2.2 Spellcasting


You had 8 spell levels left.
You didn't know any spells.
Your spell library was empty.

Dungeon Overview and Level Annotations

Branches:
Dungeon (3/15)

Altars:
Kikubaaqudgha


Innate Abilities, Weirdness & Mutations

You are very small and have problems with some larger weapons.
You are too small for most types of armour.
You have supernaturally acute eyesight. (SInv)
You cover ground extremely quickly. (Speed+++)


Message History

You kill the kobold!
Things that are here:
a +0 whip; a kobold corpse You hit the orc.
The orc is moderately wounded.
The orc closely misses you.
You hit the orc.
The orc is heavily wounded.
An orc priest comes into view. It is wielding a +0 club.
The orc closely misses you.
You hit the orc.
The orc is almost dead.
The orc closely misses you.
You hit the orc.
You kill the orc!
You closely miss the orc.
You see here 4 gold pieces.
You closely miss the orc. The orc barely misses you.
You hit the orc.
The orc is moderately wounded.
The orc hits you with a +0 club.
You hit the orc.
You kill the orc!
You barely miss the orc priest. The orc priest misses you.
You hit the orc priest.
The orc priest is lightly wounded.
You hit the orc priest but do no damage.
The orc priest is lightly wounded.
The orc priest invokes the aid of Beogh against you.
Beogh smites you!
Throw: 7 darts (poison)
Press: ? - help, Q - select action, (/) - cycle Shift-Dir - straight line, f - orc priest
Aim: an orc priest, wielding a +0 club and wearing a +0 scale mail (lightly wounded, 65% to hit)
You throw a poisoned dart. The poisoned dart hits the orc priest.
The orc priest is poisoned.
The orc priest is lightly wounded.
The orc priest mumbles some strange prayers to Beogh against you.
Beogh smites you!
Ouch! That really hurt!
You die...

## #.. .# ######## ####..
.# #......# #...
.###.####.#####.# . ..
.....#...†......####...#
.###.#.##.######.......###
.###.#.##.# #.#.......
..........# #.#.##..#
..##.###### #@#.....#
..##.## #o#..##.# ......#
#oo))o..# ..#.#.#
#.....o...# ..._..#
#.##.##.#.. ..#.### #<# .#
≈≈ ....# #.# .# ≈ ##...#
#.# .# ##.# #.# .#


You could see 2 orc priests and an orc.

Vanquished Creatures
  A hound (D:2)
  3 gnolls (D:3)
  3 adders (D:2)
  2 dart slugs (D:2)
  3 orcs (D:3)
  4 bats
  6 endoplasms
  2 giant cockroaches
  2 goblins
  A hobgoblin (D:1)
  2 jackals (D:2)
  4 kobolds
  A quokka (D:1)
  3 ball pythons
  4 frilled lizards
  8 rats
49 creatures vanquished.

Notes
Turn   | Place    | Note
-------+----------+-------------------------------------------
     0 | D:1      | koil the Spriggan Brigand began the quest for the Orb.
     0 | D:1      | Reached XP level 1. HP: 10/10 MP: 2/2
   161 | D:1      | Reached skill level 6 in Stealth
   207 | D:1      | Reached XP level 2. HP: 15/15 MP: 2/4
   643 | D:1      | Reached skill level 1 in Spellcasting
   802 | D:2      | Reached XP level 3. HP: 18/18 MP: 5/5
   895 | D:2      | Reached XP level 4. HP: 23/23 MP: 5/7
  1660 | D:3      | Reached XP level 5. HP: 21/26 MP: 9/9
  1696 | D:3      | Found an ancient bone altar of Kikubaaqudgha.
  1770 | D:3      | Killed from afar by an orc priest

Illustrated notes

Levels and vault maps discovered:
D:1:      matt_arrival_los_fun, layout_loops_cross
D:2:      layout_loops_ring
D:3:      layout_loops_cross, good_gods_mini_temple, lemuel_crystal_altar,
          portal_sewer_entry_e, shapermc_ecumenical_altar_mp_urbaneastern,
          uniq_sigmund

Skill      XL: |  1  2  3  4 |
---------------+-------------+-----
Stealth        | 6 |  6.7
Spellcasting   | 1 2 |  2.2
Dodging        | 2 3 |  3.0
Fighting       | 2 |  2.3
Short Blades   | 3 |  3.3
Throwing       | |  2.0

Action                   |  1- 3 |  4- 6 || total
-------------------------+-------+-------++-------
Melee: Dagger            |    42 |    61 ||   103
Throw: Dart              |       |    10 ||    10
 Stab: Sleeping          |    12 |    13 ||    25
Armor: Robe              |     4 |     6 ||    10
Dodge: Dodged            |    21 |    27 ||    48

Table legend: (Time is in decaauts)
 A = Elapsed time spent in this place.
 B = Non-inter-level travel time spent in this place.
 C = Inter-level travel time spent in this place.
 D = Time resting spent in this place.
 E = Time spent auto-exploring this place.
 F = Levels seen in this place.
 G = Mean time per level.
                   A        B        C        D        E       F      G
               +--------+--------+--------+--------+--------+-----+--------+
         Total |   1158 |   1122 |     36 |     38 |    823 |   3 |  386.0 |
       Dungeon |   1158 |   1122 |     36 |     38 |    823 |   3 |  386.0 |
               +--------+--------+--------+--------+--------+-----+--------+

Top non-repeatable levels by time:
     D:2: 498 daAuts
     D:1: 469 daAuts
     D:3: 191 daAuts
